Cogmind - Beta 14 @@@ ROGUE MODE // 2024.08.14 @ 18:42:52 Player: N.W.L Result: Destroyed by 2G-I1D(R) with Subdweller Laser Performance ------------- Evolutions (0) 0 Regions Visited (2) 400 Robots Destroyed (29) 145 Value Destroyed (615) 615 Prototype IDs (11) 220 Alien Tech Used (0) 0 Bonus (0) 0 TOTAL SCORE: 1380 Bonus ------- None Cogmind --------- Core Integrity 0/250 Matter 294/300 Energy 195/200 System Corruption 2% Temperature Cool (6) Movement Treading (160) Location -10/Subcaves Parts ------- > --- POWER (1) -------- Subdweller Power Source > --- PROPULSION (2) --- Light Treads (fused) Light Treads > --- UTILITY (2) ------ Large Storage Unit Core Shielding > --- WEAPON (2) ------- Heavy Hammer (fused) Heavy Hammer > --- INVENTORY (15) --- Subdweller Monowheel Subdweller Optics Improved Terrain Scanner Seismic Detector Tower Shield Subdweller Laser Subdweller Beam Cannon Battle Cannon Subdweller Shrapnel Launcher Multitool Heavy Hammer Scrap Shield Fragment (49) Peak State ------------ > --- POWER ------------ Subdweller Power Source > --- PROPULSION ------- Light Treads Spiked Treads > --- UTILITY ---------- Large Storage Unit Core Shielding > --- WEAPON ----------- Heavy Hammer Heavy Hammer > --- INVENTORY -------- Light Treads Light Treads Subdweller Optics Improved Terrain Scanner Seismic Detector Tower Shield Subdweller Laser Subdweller Beam Cannon Battle Cannon Subdweller Shrapnel Launcher Multitool Heavy Hammer Scrap Shield Fragment [Rating: 15] Favorites ----------- Power Ion Engine Engine Ion Engine Propulsion Light Treads Treads Light Treads Utility Small Storage Unit Device Seismic Detector Storage Small Storage Unit Protection Core Shielding Weapon Heavy Hammer Energy Gun Medium Laser Ballistic Gun Light Assault Rifle Launcher Subdweller Shrapnel Launcher Impact Weapon Heavy Hammer Build | -11 -10 -10 ------- Run | Yrd Mat Sub Slots Evolved . | . . . Power . | . . . Propulsion . | . . . Utility . | . . . Weapon . | . . . Parts Attached 24 | 6 7 11 Power 4 | 1 1 2 Engine 4 | 1 1 2 Core . | . . . Reactor . | . . . Propulsion 8 | 2 1 5 Treads 8 | 2 1 5 Leg . | . . . Wheel . | . . . Hover . | . . . Flight . | . . . Utility 5 | 1 2 2 Device 1 | . 1 . Storage 2 | 1 1 . Processor . | . . . Hackware . | . . . Protection 2 | . . 2 Artifact . | . . . Weapon 7 | 2 3 2 Energy Gun 1 | . 1 . Energy Cannon . | . . . Ballistic Gun 2 | 2 . . Ballistic Cannon . | . . . Launcher 1 | . . 1 Special Weapon . | . . . Impact Weapon 3 | . 2 1 Slashing Weapon . | . . . Piercing Weapon . | . . . Special Melee Weapon . | . . . Unidentified Prototypes . | . . . Parts Lost 3 | . . 3 Power 1 | . . 1 Propulsion 2 | . . 2 Utility . | . . . Weapon . | . . . Highest Loss Streak 2 | . . 2 To Critical Strikes . | . . . Average Slot Usage (%) 94 | . 95 94 Engine 12 | . 13 10 Treads 28 | . 28 28 Device 6 | . 9 . Storage 14 | . 14 14 Protection 5 | . . 13 Energy Gun 2 | . 3 . Ballistic Gun 7 | . 12 . Impact Weapon 17 | . 11 26 Peak Build Rating 15 | 6 10 15 Average Rating 9 | 5 8 12 On Entrance 5 | . 6 10 Naked Turns . | . . . Heaviest Build 32 | 12 32 32 Greatest Support 40 | 40 40 40 Greatest Overweight (x) . | . . . Average Overweight (x) . | . . . Largest Inventory Capacity 15 | 8 15 15 Average Capacity 11 | 7 8 15 Most Carried 15 | 5 10 15 Average Carried 9 | 2 6 14 Final Capacity 15 | 8 15 15 Final Carried 13 | 5 10 13 Class Distribution -------------------- 100% | Mutant Dominant Class ---------------- Mutant | -10/Materials Mutant | -10/Subcaves Resources | -11 -10 -10 ----------- Run | Yrd Mat Sub Matter Collected 621 | 314 119 188 Remotely . | . . . Salvage Created 968 | 155 572 241 Parts 50 | 9 33 8 Haulers Intercepted 1 | . 1 . Recyclers Shooed 3 | . 3 . Parts Field Recycled . | . . . Retrieved Matter . | . . . Parts Self-Destructed 15 | . . 15 Prevented . | . . . Kills | -11 -10 -10 ------- Run | Yrd Mat Sub Combat Hostiles Destroyed 21 | . 13 8 Melee 4 | . 3 1 Guns 9 | . 9 . AOE 3 | . . 3 Classes Destroyed 8 | 2 4 2 Builder 2 | . 2 . Tunneler 3 | 3 . . Hauler 1 | . 1 . Recycler 2 | 1 1 . Swarmer 8 | . 6 2 Grunt 8 | . 7 1 Sentry 1 | . . 1 Subdweller 4 | . . 4 Best Kill Streak 4 | 3 4 3 Combat Bots Only 4 | . 4 3 Max Kills in Single Turn 2 | 1 1 2 Gunslinging . | . . . Exploded 2 | . . 2 Melee 1 | . 1 1 Uniques/NPCs Destroyed . | . . . Combat | -11 -10 -10 -------- Run | Yrd Mat Sub Hostile Shots Fired 115 | . 48 67 Missed 24 | . 9 15 Damage Taken 1483 | . 502 981 Core 255 | . 66 189 Absorbed by Shields . | . . . Redirected to Shielding 35 | . . 35 Regen/Repaired (Parts) 53 | . 53 . Core Remaining (%) 100 | 100 . . Volleys Fired 71 | 27 41 3 Largest 2 | 2 2 1 Hottest 70 | 40 70 40 Shots Fired 139 | 54 82 3 Gun 136 | 54 82 . Cannon . | . . . Launcher 3 | . . 3 Special . | . . . Kinetic 100 | 54 43 3 Thermal 39 | . 39 . Explosive . | . . . Electromagnetic . | . . . Robot Hit Streak 8 | 7 8 . Robot Miss Streak 3 | 3 3 . Penetration Max . | . . . Secondary Targets 2 | . 2 . Max Gunslinging Chain 1 | . 1 . Shots Hit Robots 115 | 34 53 28 Core Hits 37 | 8 25 4 Critical Kills 2 | . 2 . Critical Parts Destroyed 4 | . 1 3 Critical Strikes 9 | . 4 5 Burn 1 | . 1 . Smash 8 | . 3 5 Melee Attacks 59 | . 19 40 Impact 59 | . 19 40 Slashing . | . . . Piercing . | . . . Sneak Attacks 4 | . 4 . Combat Hostiles . | . . . Follow-up Attacks 4 | . . 4 Damage Inflicted 2623 | 278 993 1352 Guns 771 | 278 493 . Cannons . | . . . Explosions 175 | . . 175 Melee 1677 | . 500 1177 Ramming . | . . . Kinetic 684 | 278 231 175 Thermal 262 | . 262 . Explosive . | . . . Electromagnetic . | . . . Impact 1677 | . 500 1177 Slashing . | . . . Piercing . | . . . Highest Corruption 2 | . 2 2 Average Corruption 2 | . 2 2 Corruption Purged . | . . . Corruption Blocked . | . . . Effects 23 | . 13 10 Message Errors 7 | . 4 3 Matter Fused 4 | . 2 2 Heat Flow Errors 2 | . 2 . Energy Discharges 3 | . 1 2 Parts Rejected 1 | . . 1 Parts Fused 3 | . 2 1 Data Loss (minor) 3 | . 2 1 Overload Shots . | . . . Overflow Damage 348 | . 170 178 Projectiles . | . . . Explosions 5 | . . 5 Melee 343 | . 170 173 Knockbacks 12 | . 2 10 Impact 12 | . 2 10 Kinetic . | . . . Secondary . | . . . Self-Inflicted Damage . | . . . Shots . | . . . Rammed . | . . . Targets Rammed . | . . . Kicked . | . . . Crushed . | . . . Highest Temperature 250 | . 250 . Average Temperature 47 | . 47 . Received Heat Transfer 219 | . 159 60 Siege Activations . | . . . Robots Corrupted 7 | . 3 4 Combat Hostiles 5 | . 1 4 Parts Fried 6 | . 2 4 Impact Corruptions 13 | . 6 7 Robots Melted . | . . . Combat Hostiles . | . . . Parts Melted 1 | . 1 . Heat Transferred 814 | . 814 . Parts Sabotaged . | . . . Parts Stolen . | . . . Parts Stripped . | . . . Power Chain Reactions . | . . . Alert | -11 -10 -10 ------- Run | Yrd Mat Sub Peak Influence 271 | 20 271 . Initial 13 | . 13 . Average 114 | 8 129 . Maximum Alert Level 1 | . 1 . Low Security (%) 75 | 100 71 . Level 1 24 | . 28 . Level 2 . | . . . Level 3 . | . . . Level 4 . | . . . Level 5 . | . . . High Security . | . . . Max Security . | . . . Squads Dispatched 6 | . 6 . Investigation 2 | . 2 . Extermination . | . . . Reinforcement 4 | . 4 . Assault . | . . . Garrison . | . . . Intercept . | . . . Searches Triggered . | . . . Construction Impeded . | . . . Haulers Reinforced . | . . . Active Scanning Responses . | . . . Cargo Convoy Interrupts . | . . . Stealth | -11 -10 -10 --------- Run | Yrd Mat Sub Distress Signals 3 | . 3 . Communications Jammed . | . . . Distress Signals . | . . . Times Spotted 37 | . 24 13 Peak Tracking Total 5 | . 5 3 Tactical Retreats 3 | . . 3 Traps | -11 -10 -10 ------- Run | Yrd Mat Sub Traps Triggered 4 | . 3 1 Indirectly . | . . . Trap Hack Attempts . | . . . Triggered . | . . . Disarmed . | . . . Reprogrammed . | . . . Reused . | . . . Traps Extracted . | . . . Installed . | . . . Triggered 1 | . . 1 Machines | -11 -10 -10 ---------- Run | Yrd Mat Sub Machines Disabled 2 | . 1 1 Max in Single Turn 1 | . 1 1 Machines Repaired . | . . . Machines Dismantled . | . . . Machines Sabotaged . | . . . Overloaded Fab Kills . | . . . Hacking | -11 -10 -10 --------- Run | Yrd Mat Sub Machines Accessed 7 | . 6 1 Terminals 3 | . 3 . Fabricators . | . . . Repair Stations 1 | . 1 . Recycling Units 2 | . 2 . Scanalyzers . | . . . Garrison Access . | . . . Total Hacks 18 | . 17 1 Successful 10 | . 9 1 Failed 8 | . 8 . Catastrophic 1 | . 1 . Database Lockouts . | . . . Manual 9 | . 9 . Terminals 10 | . 10 . Fabricators . | . . . Repair Stations 2 | . 2 . Recycling Units 5 | . 5 . Scanalyzers . | . . . Garrison Access . | . . . Terminal Hacks 4 | . 3 1 Robot Analysis 3 | . 3 . Derelict Proto ID Bank 1 | . . 1 Fabricator Hacks . | . . . Repair Station Hacks 2 | . 2 . Scan Component 1 | . 1 . Repair 1 | . 1 . Recycling Unit Hacks 2 | . 2 . Retrieve Components 2 | . 2 . Scanalyzer . | . . . Garrison Access Hacks . | . . . Unauthorized Hacks 2 | . 2 . Terminals . | . . . Fabricators . | . . . Repair Stations . | . . . Recycling Units 2 | . 2 . Tunnel 2 | . 2 . Scanalyzers . | . . . Garrison Access . | . . . Data Cores Recovered . | . . . Used . | . . . Hacking Detections 6 | . 6 . Full Trace Events 1 | . 1 . Feedback Events . | . . . Feedback Blocked . | . . . Robot Schematics Acquired . | . . . Robots Built . | . . . Authchips . | . . . Time . | . . . Total Robot Build Rating . | . . . Part Schematics Acquired . | . . . Parts Built . | . . . Authchips . | . . . Time . | . . . Total Part Build Rating . | . . . Parts Repaired 1 | . 1 . Time 26 | . 26 . Parts Recycled . | . . . Recycled Matter . | . . . Retrieved Matter . | . . . Retrieved Components 15 | . 15 . Parts Scanalyzed . | . . . Part Schematics Acquired . | . . . Parts Damaged . | . . . Bothacking | -11 -10 -10 ------------ Run | Yrd Mat Sub Used RIF Installer . | . . . Robots Hacked . | . . . Non-combat . | . . . Combat . | . . . Robot Hacks Applied . | . . . Relay Couplers Released . | . . . Fabnet Peak Effective % . | . . . Robots Rewired . | . . . Allies Hacked . | . . . Hacks Repelled . | . . . Allies | -11 -10 -10 -------- Run | Yrd Mat Sub Total Allies . | . . . Largest Group . | . . . Highest-Rated Group . | . . . Highest-Rated Ally . | . . . Total Orders . | . . . Ally Attacks . | . . . Total Damage . | . . . Kills . | . . . Allies Corrupted . | . . . Allies Melted . | . . . Intel | -11 -10 -10 ------- Run | Yrd Mat Sub Robot Analysis Total 3 | . 3 . Derelict Logs Recovered . | . . . Drone Launches . | . . . Drone Recoveries . | . . . Exploration | -11 -10 -10 ------------- Run | Yrd Mat Sub Turns Passed 2519 | 208 1381 930 Spaces Moved 1004 | 80 451 473 Core 3 | 3 . . Treads 1001 | 77 451 473 Legs . | . . . Wheels . | . . . Hover . | . . . Flight . | . . . Fastest Speed 50 | 50 160 160 Average Speed 159 | 155 160 160 Slowest Speed 160 | 160 160 160 Overloaded Moves . | . . . Propulsion Burnouts . | . . . Robots Hopped . | . . . Cave-ins Triggered . | . . . Exploration Rate (%) 37 | 7 64 41 Regions Visited 2 Branch Regions 1 Pre-discovered Areas 2 | . 2 . Known Exits Taken . | . . . Unknown Exits Taken 2 | 1 1 . Scrap Searched 3 | . . 3 Spaces Dug 23 | . 6 17 Terrain Destroyed 43 | . 6 37 Melee 8 | . 6 2 Projectile . | . . . AOE 35 | . . 35 Terrain Rammed . | . . . Walls Destroyed . | . . . Machines Disabled . | . . . Actions | -11 -10 -10 --------- Run | Yrd Mat Sub Total 1707 | 117 1007 583 Wait 523 | . 479 44 Move 1002 | 79 450 473 Hop . | . . . Pick Up 23 | 5 8 10 Fast Attach 11 | 6 3 2 Attach 5 | . 1 4 Detach 1 | . . 1 Swap 8 | . 3 5 Drop 12 | . 5 7 Fire 71 | 27 41 3 Melee 51 | . 17 34 Ram . | . . . Kick . | . . . Crush . | . . . Escape Stasis . | . . . Rewire . | . . . Trap . | . . . Miscellaneous . | . . . Route ------- -11/Scrapyard -10/Materials (discovered 3 exits: [*Mat] / [*Min] / *Sub) -10/Subcaves History --------- Turn | Location | Event 8 | -11/Scrapyard | Discovered new exit (range 16) 209 | -11/Scrapyard | Entered Materials 305 | -10/Materials | Build established: Mutant 767 | -10/Materials | Discovered new exit (range 15) 830 | -10/Materials | Discovered new exit (range 16) 1229 | -10/Materials | Discovered new exit (range 9) 1487 | -10/Materials | Repaired Ion Engine 1590 | -10/Materials | Entered Subcaves 1834 | -10/Subcaves | Visited 4L-MR0's lab 1856 | -10/Subcaves | Found Tower Shield 2137 | -10/Subcaves | Core integrity fell below 50% 2505 | -10/Subcaves | Core integrity fell below 20% 2520 | -10/Subcaves | Destroyed by 2G-I1D(R) with Subdweller Laser Last Messages --------------- 02434_ Acquired 14 matter. 02451_ Hvy. Hammer follow-up attack on S-10 Pest. 02456_ S-10 Pest suffers critical hit (Smash). 02456_ Destroyed Flight Unit. 02456_ S-10 Pest system corrupted by crushing effect. 02457_ S-10 Pest system terminally corrupted. 02457_ Lgt. Ion Engine fried. 02459_ Acquired 5 matter. 02475_ Subatomizers dissect the Cobbler Unit. 02498_ L8-VW0(R) knocked back. 02500_ Spk. Treads destroyed. 02502_ 2G-I1D(R) knocked back. 02502_ Lgt. Treads destroyed. 02507_ Acquired 9 matter. 02514_ Destroyed Sub. Monowheel. 02514_ L8-VW0(R) system corrupted by crushing effect. 02514_ L8-VW0(R) knocked back. 02515_ L8-VW0(R) system terminally corrupted. 02515_ Disposable Heat Sink fried. 02515_ Subatomizers dissect the Cobbler Unit. Map ----- +----------------------------------------------------+ | ?????????????????????????????????????????????????? | | ?????????????????????????????????????????????????? | | ?????????????????????????????????????????????????? | | ?????????????????????????????????????????????????? | | ?????????????????????????????????????????????????? | | ?????????????????????????????????????????????????? | | ?????????????????????????????????????????????????? | | ?????????????????????????????????????????????????? | | ?????????????????????????????????????????????????? | | ?????????????????????????????????????????????????? | | ?????????????????????????????????????????????????? | | ?????????????????????????????????????????????????? | | ?????????????????????????????????????????????????? | | ???????????????????????????????#?????? ??????????? | | ?????????????????????????????? ##???? #?????????? | | ?????????????????????????????? #?## ?#?????????? | | ????????????? ????????????? # # #?????????? | | ??????????? ????##?????? ##????????? | | ??????????? #??## ?#### #????????? | | ?????????? #?# ## # #?????????????? | | ?????????? ## # % % ###??????????????? | | ?????????? ?# #?????????????? | | ???????????# ?#| # % ???????? | | ????????? ## ?#%* ### ???????? | | ???# ? ###R##?? # ## ???????? | | ???# ? ## @#??? ##????????????? | | #??# #??? ##?????????????? | | ### ###?? ##??????????????? | | ??# ##?%##???????????????? | | ??### #??#????????????????? | | ###?## % #???????????????????? | | ??# ! #####???????????????????? | | #??## =% ####???????????????????????? | | ##### ## ##?????????????????????????? | | ## ##?# #?????????????????????????? | | # ### #?????????????????????????? | | ?# " ##?????????????????????????? | | ????#" ##?????????????????????????? | | ???## ####??????????????????????? | | ??## ### # %# #??????????????????????? | | ?## #?## #### %##??????????????????????? | | ## #" #??## #??### ##%#???????????????????? | | ##???## #????## #???????????????????? | | " #?????# #?????## #??????????????????? | | """"" #?????## ##??????? "????????????????? | | ##""" #??????#####????????? #???????????????? | | ## #???????????????????? #???????????????? | | # ##????????????????????? "#???????????????? | | # #??????????????????????" "#???????????????? | | ##???????????????????????"""#???????????????? | +----------------------------------------------------+ Best States ------------- Heat Dissipation 25 Energy Generation 10 Energy Capacity 250 Matter Stores 300 Matter Capacity 300 Sight Range 16 Terrain Scan Density 10 Core Shielding 20 Evasion (%) 40 Recoil Reduction 2 Item Schematics ----------------- None Robot Schematics ------------------ None Fabricated ------------ Nothing Alien Tech Used ----------------- None Achievements -------------- None Challenges ------------ None Game ------ Seed SmallInsulatedThruster Manual? 0 Play Time 00:15:44 Cumulative 242.3 hours Start 2024.08.14 @ 18:29:16 End 2024.08.14 @ 18:42:52 Sessions 1 Manual Loads 0 Difficulty Rogue Special Mode None Game No. 121 Rogue 121 Adventurer 0 Explorer 0 Win Type - Total 8 Types 4/1/3/0/0/0/0/0/0 Lore% 74 Gallery% 84 Achievement% 69 Wizard Run 0 Options --------- Layout 0 ASCII 0 Keyboard 0 Movement Mouse Keybinds 0 Fullscreen 2 Font 18/SmallcapsGlow Map View 76x50 Zoom Use 0% Tactical HUD 1 Map Filters NONE Filters NONE Steam 1 RUN: 33d51126-ea8f-4c48-a676-c1c7c6fda611